 Dungeon Crawl Stone Soup version 0.18.1-1-g2f07953 (webtiles) character file.

10610 barb4r1an the Cleaver (level 11, 0/108 HPs)
             Began as a Gargoyle Berserker on May 6, 2016.
             Was a Priest of Trog.
             Slain by an orc warrior
             ... wielding a +0 halberd
              (6 damage)
             ... on level 11 of the Dungeon.
             The game lasted 00:20:05 (9847 turns).

barb4r1an the Cleaver (Gargoyle Berserker)          Turns: 9847, Time: 00:20:06

Health: 0/108      AC: 24    Str: 27    XL:     11   Next: 64%
Magic:  0/11       EV: 10    Int:  9    God:    Trog [***...]
Gold:   595        SH:  0    Dex: 10    Spells: 0 memorised, 10 levels left

rFire  . . .     SeeInvis .     T - +8 autumn katana {slice, Clar}
rCold  . . .     Gourm    .     y - +0 plate armour
rNeg   + + +     Faith    .     (no shield)
rPois  ∞         Spirit   +     O - +0 hat {MR+}
rElec  +         Dismiss  .     (no cloak)
rCorr  .         Reflect  .     C - +0 pair of gloves "Zoruetz" {rN+}
SustAt .         Harm     .     E - +0 pair of boots
MR     +++..     Clarity  +     D - amulet of guardian spirit
Stlth  .......... Rnd*Tele +    P - ring of positive energy
                                S - ring of teleportation

@: berserking, regenerating, very quick, extremely resistant to hostile
enchantments, extremely unstealthy
A: negative energy resistance 1, electricity resistance, unbreathing,
petrification resistance, rot immunity, MP-powered wands, AC +7
a: Berserk, Trog's Hand, Burn Spellbooks, Renounce Religion


You were on level 11 of the Dungeon.
You worshipped Trog.
Trog was most pleased with you.
You were not hungry.

You visited 1 branch of the dungeon, and saw 13 of its levels.

You collected 595 gold pieces.

Inventory:

Hand Weapons
 F - a +0 war axe
 R - the +8 Wrath of Trog {antimagic, *Rage}
   (You found it on level 10 of the Dungeon)

   It disrupts the flow of magical energy around spellcasters and certain
   magical creatures (including the wielder).
   It may make you go berserk in combat.
 T - the +8 autumn katana (weapon) {slice, Clar}
   (You found it on level 12 of the Dungeon)

   It inflicts extra damage upon your enemies.
   It protects you against confusion.
Armour
 y - a +0 plate armour (worn)
 C - the +0 pair of gloves "Zoruetz" (worn) {rN+}
   (You found it on level 6 of the Dungeon)

   It protects you from negative energy.
 E - a +0 pair of boots (worn)
 K - a +0 helmet
 O - a +0 hat of magic resistance (worn)
Jewellery
 f - a +3 ring of intelligence
 D - an amulet of guardian spirit (around neck)
 P - a ring of positive energy (right hand)
 S - a ring of teleportation (left hand)
Wands
 z - a wand of slowing (23/48)
 G - a wand of random effects (17/48)
 I - a wand of teleportation (0/9)
 Q - a wand of polymorph (14/24)
 Y - a wand of digging (15/24)
Scrolls
 b - 2 scrolls of enchant weapon {unknown}
 e - 2 scrolls of teleportation
 g - 2 scrolls of amnesia {unknown}
 h - 2 scrolls of random uselessness {unknown}
 i - a scroll of fog {unknown}
 k - 3 scrolls of remove curse
 q - 2 scrolls of identify
 t - a scroll of immolation {unknown}
 v - a scroll of enchant armour {unknown}
 H - 3 scrolls of recharging {unknown}
 U - a scroll of holy word {unknown}
Potions
 a - a potion of degeneration {unknown}
 d - 7 potions of heal wounds
 j - 2 potions of haste {unknown}
 n - 2 potions of agility {unknown}
 o - 6 potions of curing
 p - 5 potions of ambrosia
 r - 3 potions of brilliance {unknown}
 s - 2 potions of flight {unknown}
 u - a potion of cancellation {unknown}
 x - 3 potions of might {unknown}
 A - 4 potions of berserk rage
 B - a potion of mutation {unknown}
 L - 2 potions of resistance
 M - a potion of magic {unknown}
 N - 2 potions of cure mutation {unknown}
 X - a potion of lignification {unknown}
Books
 V - a book of Burglary

   Spells                             Type                      Level
   a - Swiftness                      Charms/Air                   2
   b - Passwall                       Transmutation/Earth          2
   c - Passage of Golubria            Translocation                4
   d - Lee's Rapid Deconstruction     Earth                        5
   e - Darkness                       Hexes                        6
   f - Invisibility                   Hexes                        6
   Trog disapproves of the use of such an item.
Comestibles
 c - 4 bread rations
 l - 2 slices of pizza
 m - 3 fruits
 w - 4 meat rations
 J - a beef jerky
 W - a royal jelly
 Z - a chunk of flesh


   Skills:
 + Level 9.8 Fighting
 * Level 4.1 Long Blades
 - Level 9.9 Axes
 + Level 9.0 Armour
 + Level 6.8 Dodging
 - Level 0.5 Stealth


You had 10 spell levels left.
You didn't know any spells.

Dungeon Overview and Level Annotations

Branches:
Dungeon (13/15)            Temple (0/1) D:6            Lair (0/8) D:11
    Orc (0/2) D:12
 Vaults: D:13-14

Altars:
Ashenzari
Elyvilon
Kikubaaqudgha
Makhleb
Pakellas
Qazlal
Vehumet
Xom
Zin

Shops:
D:4 [   D:6 *[   D:7 *

Portals:
Trove: D:12 (show slimy rune of Zot)


Innate Abilities, Weirdness & Mutations

You are resistant to torment.
Your stone body is resilient (AC +7).
You are immune to poison.
You resist negative energy.
You are resistant to electric shocks.
You can survive without breathing.
You are immune to petrification.
You are immune to rotting.
You expend magic power (3 MP) to strengthen your wands.


Message History

You slash the orc!
You feel the power of Trog in you as your rage grows.
You kill the orc!
Trog accepts your kill.
The orc warrior hits you with a halberd!
* * * LOW HITPOINT WARNING * * *
The orc hits you but does no damage.
Your plate armour prevents you from hitting the cyclops.
The cyclops hits you but does no damage.
You slash the cyclops!
The cyclops is moderately wounded.
The orc hits you but does no damage. The orc warrior barely misses you.
You hit the cyclops.
The cyclops is moderately wounded.
The orc hits you but does no damage. The cyclops hits you.
* * * LOW HITPOINT WARNING * * *
Your plate armour prevents you from hitting the cyclops.
The cyclops is moderately wounded.
The orc warrior hits you with a halberd.
You die...

###########
#..()......
#.@)%....).
#C.oo......
.'..........
###..........
#<....<....
#..........
#........).
#.........


You could see a cyclops, an orc warrior and an orc.

Vanquished Creatures
  Gastronok (D:10)
  The ghost of varam the Cleaver, a novice DDGl of Makhleb (D:8)
  An orc knight (D:11)
  The ghost of barb4r1an the Skirmisher, a novice GrBe of Trog (D:5)
  A centaur zombie (D:12)
  A gargoyle (D:13)
  3 molten gargoyles (D:12)
  A kobold demonologist (D:12)
  A troll (D:12)
  A spriggan (D:7)
  A wyvern (D:8)
  3 yaks (D:8)
  A hungry ghost (D:12)
  A vampire mosquito (D:11)
  2 hippogriffs
  A warg (D:12)
  Edmund (D:5)
  3 phantoms
  2 sky beasts
  5 orc warriors
  3 ice beasts
  6 ogres
  3 centaurs
  A giant frog (D:4)
  2 scorpions
  4 killer bees
  2 crimson imps (D:8)
  A lava snake (D:12)
  A giant frog zombie (D:9)
  4 hounds
  2 giant frog skeletons
  11 orc priests
  A centaur skeleton (D:12)
  3 iguanas
  13 orc wizards
  8 worker ants
  2 hound skeletons
  A worker ant zombie (D:5)
  8 gnolls
  12 adders
  2 shadow imps
  An ooze (D:2)
  2 adder skeletons (D:4)
  4 worms
  3 dart slugs
  3 giant geckos
  42 orcs
  2 giant cockroaches (D:1)
  8 goblins
  7 hobgoblins
  20 jackals
  9 kobolds
  6 quokkas
  2 ball pythons (D:7)
  8 bats
  6 giant newts
  5 rats
250 creatures vanquished.

Vanquished Creatures (collateral kills)
  A hydra (D:12)
1 creature vanquished.

Grand Total: 251 creatures vanquished

Notes
Turn   | Place    | Note
--------------------------------------------------------------
     0 | D:1      | barb4r1an the Gargoyle Berserker began the quest for the Orb.
     0 | D:1      | Reached XP level 1. HP: 14/14 MP: 1/1
    55 | D:1      | Reached XP level 2. HP: 13/20 MP: 2/2
   492 | D:1      | Reached XP level 3. HP: 19/24 MP: 3/3
   783 | D:1      | Reached ** piety under Trog
   992 | D:2      | Reached XP level 4. HP: 30/30 MP: 4/4
  1299 | D:2      | Reached XP level 5. HP: 10/34 MP: 5/5
  2385 | D:3      | Found a shattered altar of Ashenzari.
  2649 | D:4      | Found Focyzo's Armour Shoppe.
  2667 | D:4      | Noticed a phantom
  2679 | D:4      | Reached XP level 6. HP: 28/40 MP: 6/6
  2695 | D:4      | Killed a phantom
  2695 | D:4      | Reached skill level 5 in Fighting
  2918 | D:4      | Reached *** piety under Trog
  2939 | D:4      | Reached XP level 7. HP: 37/44 MP: 7/7
  3037 | D:4      | Found an ancient bone altar of Kikubaaqudgha.
  3361 | D:5      | Entered Level 5 of the Dungeon
  3605 | D:5      | Noticed barb4r1an's ghost (novice GrBe)
  3620 | D:5      | Killed barb4r1an's ghost
  3620 | D:5      | Reached skill level 5 in Axes
  3620 | D:5      | Reached XP level 8. HP: 51/51 MP: 8/8
  3699 | D:5      | Reached skill level 5 in Armour
  3789 | D:5      | Noticed Edmund
  3804 | D:5      | Killed Edmund
  3995 | D:5      | Found a radiant altar of Vehumet.
  3999 | D:5      | Found a white marble altar of Elyvilon.
  3999 | D:5      | Found a shimmering altar of Xom.
  4014 | D:5      | Found a glowing silver altar of Zin.
  4017 | D:5      | Found a burning altar of Makhleb.
  4289 | D:6      | Found Hijieriz's Humungous Hoard.
  4343 | D:6      | Got a pair of warped gloves
  4349 | D:6      | Identified the cursed +0 pair of gloves "Zoruetz" {rN+} (You found it on level 6 of the Dungeon)
  4364 | D:6      | Found a staircase to the Ecumenical Temple.
  4523 | D:6      | Found an oddly glowing altar of Pakellas.
  4556 | D:6      | Found Doggoal's Armour Shoppe.
  5085 | D:6      | Reached XP level 9. HP: 56/56 MP: 9/9
  5529 | D:7      | Reached **** piety under Trog
  5534 | D:7      | Found a stormy altar of Qazlal.
  5762 | D:7      | Found Widd's Serpentskin Sales.
  5953 | D:7      | Received a gift from Trog
  6381 | D:8      | Noticed varam's ghost (novice DDGl)
  6401 | D:8      | Killed varam's ghost
  6401 | D:8      | Reached skill level 5 in Dodging
  6491 | D:8      | Reached XP level 10. HP: 59/64 MP: 10/10
  7690 | D:10     | Entered Level 10 of the Dungeon
  7757 | D:10     | Noticed Gastronok
  7776 | D:10     | Killed Gastronok
  8188 | D:10     | You fall through a shaft for 3 floors!
  8212 | D:13     | Noticed a gargoyle
  8217 | D:13     | Killed a gargoyle
  8217 | D:13     | Reached XP level 11. HP: 71/71 MP: 3/11
  8289 | D:13     | Noticed a five-headed hydra
  8565 | D:12     | HP: 3/71 [orc warrior/glaive (9)]
  8625 | D:12     | Found a staircase to the Orcish Mines.
  8628 | D:12     | Reached skill level 1 in Long Blades
  8631 | D:12     | Noticed a seven-headed hydra
  8641 | D:12     | Killed a seven-headed hydra
  8791 | D:12     | Noticed a sun demon
  8863 | D:11     | Noticed a red ugly thing
  8864 | D:11     | Noticed a cyclops
  8864 | D:11     | Noticed a six-headed hydra
  8883 | D:12     | Gained mutation: You expend magic power (3 MP) to strengthen your wands. [a neqoxec]
  9017 | D:12     | HP: 2/71 [molten gargoyle/bolt of magma (23)]
  9395 | D:12     | Found a portal to a secret trove of treasure.
  9614 | D:11     | Found a staircase to the Lair.
  9618 | D:11     | Noticed an orc knight
  9637 | D:11     | Killed an orc knight
  9843 | D:11     | HP: 4/108 [orc warrior/halberd (15)]
  9847 | D:11     | Slain by an orc warrior

Skill      XL: |  1  2  3  4  5  6  7  8  9 10 11 |
---------------+----------------------------------+-----
Fighting       | 4 5 6 7 9 |  9.8
Dodging        | 2 3 4 5 6 |  6.8
Axes           | 3 4 5 6 8 9 |  9.9
Armour         | 3 4 5 6 8 9 |  9.0
Long Blades    | 4 |  4.1
Stealth        | |  0.5

Action                   |  1- 3 |  4- 6 |  7- 9 | 10-12 || total
-------------------------+-------+-------+-------+-------++-------
Melee: Hand axe          |    86 |   127 |       |       ||   213
       Spear             |       |   119 |   501 |    79 ||   699
       War axe           |       |       |       |   144 ||   144
       Battleaxe         |       |       |       |    24 ||    24
       Katana            |       |       |       |   148 ||   148
Invok: Berserk           |     1 |       |     5 |     8 ||    14
       Trog's Hand       |       |       |     3 |     7 ||    10
       Burn Spellbooks   |       |       |     1 |       ||     1
       Brothers in Arms  |       |       |       |     3 ||     3
Evoke: Wand              |       |       |       |     1 ||     1
  Use: Scroll            |       |       |       |     7 ||     7
       Potion            |       |       |       |     1 ||     1
 Stab: Distracted        |     1 |       |       |       ||     1
  Eat: Chunk             |       |     3 |    18 |     9 ||    30
       Bread ration      |       |     1 |       |     4 ||     5
       Pizza             |       |       |       |     1 ||     1
Armor: Animal skin       |     5 |       |       |       ||     5
       Ring mail         |    38 |   109 |    20 |       ||   167
       Plate armour      |       |       |   236 |   361 ||   597
Dodge: Dodged            |    65 |   152 |   171 |   243 ||   631
